 Dungeon Crawl Stone Soup version 0.20-a0-673-g53087c7 (webtiles) character file.

4598 Devintownsend the Protected (level 10, -13/94 HPs)
             Began as a Minotaur Fighter on Feb 17, 2017.
             Was an Elder of Okawaru.
             Mangled by a two-headed ogre
             ... wielding a +0 giant spiked club
              (17 damage)
             ... on level 9 of the Dungeon on Feb 18, 2017.
             The game lasted 00:30:13 (8088 turns).

Devintownsend the Protected (Minotaur Fighter)      Turns: 8088, Time: 00:30:13

Health: -13/94     AC: 11    Str: 24    XL:     10   Next: 19%
Magic:  9/9        EV:  8    Int:  5    God:    Okawaru [****..]
Gold:   494        SH: 10    Dex: 10    Spells: 9/9 levels left

rFire    . . .     SeeInvis .   a - +0 war axe
rCold    . . .     Gourm    .   b - +0 scale mail
rNeg     . . .     Faith    .   c - +0 shield
rPois    .         Spirit   .   (helmet restricted)
rElec    .         Reflect  .   n - +1 cloak
rCorr    .         Harm     .   (no gloves)
MR       .....                  (no boots)
Stlth    ..........             m - amulet of inaccuracy (curse)
Regen    0.3/turn               B - ring of flight
MPRegen  0.2/turn               (no ring)

@: drained
A: retaliatory headbutt, horns 2
a: Heroism, Renounce Religion, Evoke Flight


You were on level 9 of the Dungeon.
You worshipped Okawaru.
Okawaru was greatly pleased with you.
You were near starving.

You visited 2 branches of the dungeon, and saw 10 of its levels.
You also visited: Ossuary.

You collected 494 gold pieces.

Inventory:

Hand Weapons
 a - a +0 war axe (weapon)
 y - a +0 battleaxe
Armour
 b - a +0 scale mail (worn)
 c - a +0 shield (worn)
 n - a +1 cloak (worn)
 G - a +0 plate armour
Jewellery
 m - a cursed amulet of inaccuracy (around neck)
 o - an uncursed ring of fire {unknown}
 B - a ring of flight (right hand)
Wands
 D - a wand of polymorph (24/24)
Scrolls
 l - 7 scrolls of remove curse
 p - a scroll of enchant armour
 q - 2 scrolls of recharging
 u - a scroll of magic mapping
 v - 6 scrolls of identify
 C - 7 scrolls of teleportation
Potions
 d - a potion of might
 e - a potion of lignification
 g - a potion of mutation {unknown}
 h - 3 potions of curing
 i - a potion of agility {unknown}
 j - 2 potions of ambrosia {unknown}
 k - a potion of brilliance
 r - 3 potions of resistance {unknown}
 w - 4 potions of berserk rage {unknown}
 A - 3 potions of heal wounds
 E - 3 potions of magic {unknown}
Books
 t - a book of Cantrips

   Spells                             Type                      Level
   a - Confusing Touch                Hexes                        1
   b - Animate Skeleton               Necromancy                   1
   c - Summon Small Mammal            Summoning                    1
   d - Apportation                    Translocation                1
Comestibles
 f - 5 bread rations
 s - 4 meat rations
 x - 3 royal jellies
 z - a fruit


   Skills:
 + Level 10.8(9.5) Fighting
 - Level 2.8(1.7) Axes
 * Level 13.5(12.1) Armour
 - Level 0.2(0.0) Dodging
 - Level 6.1(4.9) Shields


You had 9 spell levels left.
You didn't know any spells.

Dungeon Overview and Level Annotations

Branches:
Dungeon (9/15)             Temple (1/1) D:4
   Lair: D:8-11         Orc: D:9-12

Altars:
Ashenzari
Dithmenos
Elyvilon
Fedhas
Gozag
Hepliaklqana
Makhleb
Nemelex Xobeh
Okawaru
Qazlal
Ru
Sif Muna
Vehumet
Xom
Zin

Shops:
D:8 *


Innate Abilities, Weirdness & Mutations

You reflexively headbutt those who attack you in melee.
You have a pair of horns on your head.


Message History

You slash the two-headed ogre!
Your headbutt misses the two-headed ogre.
The two-headed ogre is moderately wounded.
The two-headed ogre hits you with a giant spiked club! x2
* * * LOW HITPOINT WARNING * * *
You closely miss the two-headed ogre. You headbutt the two-headed ogre!
The two-headed ogre is heavily wounded.
The two-headed ogre hits you with a giant spiked club.
* * * LOW HITPOINT WARNING * * *
You block the two-headed ogre's attack.
You hit the two-headed ogre. You headbutt the two-headed ogre.
The two-headed ogre is heavily wounded.
The two-headed ogre hits you with a giant spiked club!
* * * LOW HITPOINT WARNING * * *
The two-headed ogre hits you with a giant spiked club!
* * * LOW HITPOINT WARNING * * *
You hit the two-headed ogre. You headbutt the two-headed ogre.
The two-headed ogre is heavily wounded.
The two-headed ogre hits you with a giant spiked club!
You die...

##.......# ###+####
##.......# #......#
##.......# #......
.......... .. .....
##.......# #. ...
##.#####.# .###'# ...#.#
# ..##c# ..##.# #.##O#
#....# #.##@# .....#
#.####.##.######
#....###................
#........####..#.#####.#
#....##### ##.#.#####.
#.....# #.........
##.#..# ##..#####
......# #######..#
##....# #........#


You could see a two-headed ogre and a centaur.

Vanquished Creatures
  Pikel (D:5)
  Prince Ribbit (D:6)
  A water moccasin (D:7)
  Duvessa (D:6)
  An orc warrior (D:6)
  3 ice beasts
  A slave (D:5)
  A phantom (D:5)
  4 sky beasts
  A necrophage (D:8)
  3 ogres (D:5)
  2 centaurs (D:5)
  A crocodile (D:9)
  2 bullfrogs
  A gnoll sergeant (D:8)
  A wyvern zombie (D:8)
  4 scorpions
  A water moccasin zombie (Ossuary)
  The ghost of Devintownsend the Skirmisher, a weakling MiFi of Okawaru (D:3)
  Dowan (D:6)
  9 wights (D:8)
  A howler monkey (D:5)
  3 crimson imps
  A bullfrog zombie (D:5)
  A centaur zombie (D:6)
  4 hounds
  A centaur skeleton (D:8)
  2 jellies
  3 iron imps (D:3)
  2 orc priests
  A bullfrog skeleton (D:8)
  3 iguanas
  8 worker ants
  6 orc wizards
  2 big kobold zombies (Ossuary)
  2 mummies (Ossuary)
  4 hound skeletons
  4 adders
  7 gnolls
  2 shadow imps
  An adder skeleton (D:4)
  9 adder zombies
  4 worms
  2 dart slugs
  3 leopard geckos
  20 orcs
  3 giant cockroaches
  9 goblins
  10 hobgoblins
  3 jackals (D:3)
  4 quokkas
  3 ball pythons
  5 bats
  5 frilled lizards
  4 gnoll zombies (Ossuary)
  3 hobgoblin zombies (Ossuary)
  4 kobolds
  5 kobold zombies (Ossuary)
  A leopard gecko skeleton (D:8)
  3 orc zombies (Ossuary)
  A quokka zombie (D:6)
  5 rats
205 creatures vanquished.

Vanquished Creatures (others)
  2 slaves (D:5)
  An adder (D:5)
3 creatures vanquished.

Grand Total: 208 creatures vanquished

Notes
Turn   | Place    | Note
-------+----------+-------------------------------------------
     0 | D:1      | Devintownsend the Minotaur Fighter began the quest for the Orb.
     0 | D:1      | Reached XP level 1. HP: 19/19 MP: 0/0
   193 | D:1      | Reached XP level 2. HP: 27/27 MP: 1/1
   626 | D:2      | Reached skill level 4 in Armour
   706 | D:2      | Found an opulent altar of Gozag.
   793 | D:2      | Reached XP level 3. HP: 28/33 MP: 2/2
  1066 | D:2      | Found a stormy altar of Qazlal.
  1066 | D:2      | Noticed a water elemental
  1069 | D:2      | Noticed an air elemental
  1069 | D:2      | Noticed an earth elemental
  1069 | D:2      | Noticed a fire elemental
  1515 | D:3      | Noticed Devintownsend's ghost (weakling MiFi)
  1522 | D:3      | Killed Devintownsend's ghost
  1522 | D:3      | Reached XP level 4. HP: 24/41 MP: 3/3
  1847 | D:3      | Reached skill level 5 in Shields
  1854 | D:3      | Reached XP level 5. HP: 45/47 MP: 4/4
  2063 | D:3      | Found a burning altar of Makhleb.
  2078 | D:3      | Reached skill level 5 in Fighting
  2078 | D:3      | Reached skill level 5 in Armour
  2096 | D:3      | Reached XP level 6. HP: 43/56 MP: 5/5
  2196 | D:4      | Found a staircase to the Ecumenical Temple.
  2256 | Temple   | Entered the Ecumenical Temple
  2292 | Temple   | Became a worshipper of Warmaster Okawaru
  2340 | D:4      | Found a stormy altar of Qazlal.
  2408 | D:4      | Reached skill level 6 in Armour
  2631 | D:5      | Entered Level 5 of the Dungeon
  2631 | D:5      | Noticed an ice beast
  2648 | D:5      | Killed an ice beast
  2648 | D:5      | Reached XP level 7. HP: 30/61 MP: 6/6
  2652 | D:5      | Reached skill level 7 in Armour
  2814 | D:5      | Found a sacrificial altar of Ru.
  2853 | D:5      | Reached * piety under Okawaru
  2882 | D:5      | Reached skill level 8 in Armour
  3207 | D:5      | Noticed Pikel
  3228 | D:5      | Killed Pikel
  3228 | D:5      | Reached ** piety under Okawaru
  3228 | D:5      | Reached skill level 9 in Armour
  3228 | D:5      | Reached XP level 8. HP: 39/71 MP: 7/7
  3284 | D:5      | Found a shattered altar of Ashenzari.
  3497 | D:5      | Reached skill level 10 in Armour
  3879 | D:5      | Found a deep blue altar of Sif Muna.
  3880 | D:5      | Found a radiant altar of Vehumet.
  4027 | D:5      | Reached skill level 11 in Armour
  4058 | D:5      | Reached *** piety under Okawaru
  4406 | D:6      | Noticed Dowan
  4416 | D:6      | Killed Dowan
  4416 | D:6      | Reached XP level 9. HP: 71/81 MP: 8/8
  4532 | D:6      | Noticed Duvessa
  4540 | D:6      | Killed Duvessa
  4708 | D:6      | Found a shadowy altar of Dithmenos.
  4885 | D:6      | Noticed Prince Ribbit
  4911 | D:6      | Killed Prince Ribbit
  4911 | D:6      | Reached skill level 12 in Armour
  5437 | D:7      | Found a sand-covered staircase.
  5452 | Ossuary  | Entered an ossuary
  5884 | D:7      | Reached **** piety under Okawaru
  6321 | D:8      | Found a hazy altar of Hepliaklqana.
  6360 | D:8      | Found Kodurch's Elemental Accessories.
  6463 | D:8      | Reached skill level 10 in Fighting
  6498 | D:8      | Reached skill level 13 in Armour
  6774 | D:8      | Noticed an angel
  6774 | D:8      | Found a glowing silver altar of Zin.
  6776 | D:8      | Found a shimmering altar of Xom.
  6815 | D:8      | Reached XP level 10. HP: 79/94 MP: 9/9
  8073 | D:9      | Noticed a two-headed ogre
  8087 | D:9      | HP: 4/94 [two-headed ogre/giant spiked club (9)]
  8088 | D:9      | Mangled by a two-headed ogre

Vault maps used:
D:1:      lemuel_arrival_hallway
D:2:      marbit_many_paths, nicolae_qazlal_style_of_elements
D:3:      demons_altar
D:4:      old_standard_altar, minmay_temple_entry_mist
D:5:      minitemple, nicolae_ru_sacrificial_ziggurat, first_bread,
          fountainhead, ashenzari_altar_1, uniq_pikel
D:6:      nicolae_dithmenos_the_darkroom, uniq_duvessa, uniq_prince_ribbit1
D:7:      enter_ossuary_3
D:8:      grunt_temple_overflow_order_and_chaos_1,
          nicolae_overflow_crystal_walls, nicolae_elemental_shop
D:9:      lemuel_doored_altar, serial_bayou, serial_bayou_pond_d,
          serial_bayou_pond_a, serial_bayou_pond_b, serial_bayou_shore_b,
          david_nohive_1
Temple:   jpeg_temple_alley_garden
Ossuary:  ossuary_tomb_2

Skill      XL: |  1  2  3  4  5  6  7  8  9 |
---------------+----------------------------+-----
Armour         | 4 5 6 9 11 13 | 13.5
Shields        | 4 5 6 |  6.1
Fighting       | 4 5 6 8 10 | 10.8
Axes           | |  2.8
Dodging        | |  0.2

Action                   |  1- 3 |  4- 6 |  7- 9 | 10-12 || total
-------------------------+-------+-------+-------+-------++-------
Melee: War axe           |   110 |   119 |   438 |   112 ||   779
       Headbutt          |     8 |    24 |    92 |    23 ||   147
  Use: Scroll            |     1 |       |    11 |       ||    12
       Potion            |       |     1 |     5 |       ||     6
  Eat: Chunk             |     1 |       |    12 |     3 ||    16
       Bread ration      |       |     1 |       |       ||     1
       Fruit             |       |       |     3 |       ||     3
Armor: Scale mail        |    53 |    50 |   209 |    49 ||   361
Dodge: Dodged            |    30 |    32 |   147 |    38 ||   247
Block: Shield            |    67 |    54 |   273 |    80 ||   474
